 Dungeon Crawl Stone Soup version 0.17-a0-1713-gdf939a4 (webtiles) character file.

496 Leibowitz the Poker (level 7, -3/53 HPs)
             Began as a Merfolk Gladiator on Aug 23, 2015.
             Was a Believer of Okawaru.
             Slain by a hippogriff (4 damage)
             ... on level 3 of the Dungeon.
             The game lasted 00:16:02 (3707 turns).

Leibowitz the Poker (Merfolk Gladiator)             Turns: 3707, Time: 00:16:02

Health: -3/53      AC:  4    Str: 15    XL:     7   Next: 15%
Magic:  6/6        EV: 16    Int:  5    God:    Okawaru [**....]
Gold:   156        SH:  0    Dex: 17    Spells: 0 memorised, 6 levels left

rFire  . . .     SeeInvis .     a - +1 trident
rCold  + . .     Clarity  .     b - +0 leather armour
rNeg   . . .     SustAt   .     (no shield)
rPois  .         Gourm    .     c - +0 helmet
rElec  .         Spirit   .     (no cloak)
rCorr  .         Warding  .     (no gloves)
rMut   .         Stasis   .     (no boots)
MR     .....                    (no amulet)
Stlth  ++........               r - ring of invisibility
                                e - ring of protection from cold

@: not resistant to hostile enchantments, unstealthy
A: change form in water, swift swim, dopey 1, low mp 1, spit poison 1
a: Spit Poison, Heroism, Renounce Religion, Evoke Invisibility


You were on level 3 of the Dungeon.
You worshipped Okawaru.
Okawaru was pleased with you.
You were not hungry.

You visited 1 branch of the dungeon, and saw 3 of its levels.

You collected 156 gold pieces.

Inventory:

Hand weapons
 a - a +1 trident (weapon)
Missiles
 d - 6 throwing nets (quivered)
Armour
 b - a +0 leather armour (worn)
 c - a +0 helmet (worn)
Jewellery
 e - a ring of protection from cold (left hand)
 r - a ring of invisibility (right hand)
Scrolls
 f - a scroll of enchant weapon
 g - 2 scrolls of identify
 i - 3 scrolls of remove curse
 j - 4 scrolls of teleportation {unknown}
 k - a scroll of enchant armour {unknown}
 n - a scroll of magic mapping {unknown}
 p - a scroll of recharging {unknown}
 q - 2 scrolls of random uselessness {unknown}
Comestibles
 h - a bread ration
 m - 2 meat rations
 o - a beef jerky
 s - a slice of pizza
 u - 6 chunks of flesh


   Skills:
 * Level 3.7 Fighting
 * Level 7.4 Polearms
 - Level 2.0 Throwing
 + Level 1.5 Armour
 * Level 7.0 Dodging
 + Level 1.0 Stealth


You had 6 spell levels left.
You didn't know any spells.

Dungeon Overview and Level Annotations

Branches:
Dungeon (3/15)

Altars:
Okawaru
The Shining One


Innate Abilities, Weirdness & Mutations

You revert to your normal form in water.
You are very nimble and swift while swimming.
You are dopey. (Int -2)
Your magical capacity is low (-10% MP).
You can spit weak poison.


Message History

* * * LOW HITPOINT WARNING * * *
The hippogriff closely misses you.
Use which ability? (? or * to list)
You fail to use your ability.
The gnoll misses you. The hippogriff completely misses you.
The hippogriff pecks you.
* * * LOW HITPOINT WARNING * * *
The hippogriff claws you but does no damage.
Use which ability? (? or * to list)
Okay, then.
Throwing (i - inventory):
d - 6 throwing nets (quivered)
Press: ? - help, Shift-Dir - straight line, f - hippogriff
Aim: a hippogriff (heavily wounded)
Okay, then.
Unknown command.
Drink which item? (? for menu, Esc to quit)
It was a potion of magic.
Magic courses through your body.
The gnoll hits you from afar with a halberd.
* * * LOW HITPOINT WARNING * * *
The hippogriff barely misses you. The hippogriff pecks you.
You die...

....#....##......#
###.#....##..#.###.#
....#....##..g.....#
#####....###.#.###.#
.........# #.#...#
########## #:..#.#
.........# ##..#g#
########.####..#.#
..............>#@#
#######........H(#
###
#....###.###.....
####....# #.†..H....
####.......#
#####.o...
.........### ...
###......# .
..#......#
#.#......#


You could see a hippogriff and a gnoll.

Vanquished Creatures
  An ogre (D:3)
  3 gnoll shamans (D:3)
  23 gnolls (D:3)
  2 adders
  An ooze (D:1)
  2 worms
  An orc (D:3)
  4 bats
  3 giant cockroaches
  8 goblins
  6 hobgoblins
  17 jackals (D:3)
  6 kobolds (D:1)
  3 giant newts
  2 quokkas
  6 rats
88 creatures vanquished.

Notes
Turn   | Place    | Note
--------------------------------------------------------------
     0 | D:1      | Leibowitz the Merfolk Gladiator began the quest for the Orb.
     0 | D:1      | Reached XP level 1. HP: 16/16 MP: 1/1
   196 | D:1      | Reached XP level 2. HP: 15/22 MP: 2/2
   756 | D:1      | Reached XP level 3. HP: 28/28 MP: 3/3
   897 | D:1      | Reached skill level 5 in Polearms
  1266 | D:2      | Found an iron altar of Okawaru.
  1276 | D:2      | Became a worshipper of Warmaster Okawaru
  1374 | D:2      | Found a glowing golden altar of the Shining One.
  1774 | D:2      | Reached skill level 5 in Dodging
  1964 | D:2      | Gained mutation: You can spit weak poison. [potion of mutation]
  1964 | D:2      | Gained mutation: You are dopey. (Int -2) [potion of mutation]
  1964 | D:2      | Gained mutation: Your magical capacity is low (-10% MP). [potion of mutation]
  2090 | D:3      | Reached XP level 4. HP: 34/34 MP: 3/3
  2396 | D:3      | Reached XP level 5. HP: 22/39 MP: 4/4
  2404 | D:3      | Reached skill level 6 in Polearms
  2500 | D:3      | Reached skill level 1 in Armour
  2516 | D:3      | Noticed an ogre
  2552 | D:3      | Killed an ogre
  2552 | D:3      | Acquired Okawaru's first power
  2552 | D:3      | Reached skill level 1 in Stealth
  2552 | D:3      | Reached XP level 6. HP: 37/47 MP: 5/5
  2746 | D:3      | HP: 2/47 [gnoll/spear (5)]
  2748 | D:3      | Reached skill level 7 in Polearms
  3031 | D:3      | Reached XP level 7. HP: 44/52 MP: 6/6
  3678 | D:3      | Noticed a hippogriff
  3707 | D:3      | HP: 1/53 [gnoll/halberd (2)]
  3707 | D:3      | Slain by a hippogriff

Vault maps used:
D:1:      lightli_arrival_isolated_outpost, minmay_misc_feat_roman
D:2:      okawaru_ov_weapons_minmay, tso_altar
D:3:      lemuel_castle_with_subvaults

Action                   |  1- 3 |  4- 6 |  7- 9 || total
-------------------------+-------+-------+-------++-------
Melee: Trident           |   104 |   187 |    53 ||   344
Throw: Throwing net      |       |     1 |       ||     1
 Abil: Evoke Invisibilit |     1 |       |       ||     1
  Use: Potion            |     4 |     1 |     3 ||     8
       Scroll            |     3 |       |       ||     3
 Stab: Sleeping          |     3 |       |       ||     3
       Invisible         |     1 |       |       ||     1
       Distracted        |       |       |     1 ||     1
  Eat: Chunk             |     4 |     3 |     2 ||     9
